| TOP OF THE 1ST |
|
Texas Rangers batting - Pitching for Chicago White Sox : RHP Matt McAtee
|
|
Pitching: RHP Matt McAtee
|
|
|
Batting: SHB Tony Prado
|
0-0: Foul Ball, location: 2F 0-1: Called Strike 0-2: Foul Ball, location: 2F 0-2: Foul Ball, location: 2F 0-2: Foul Ball, location: 2F 0-2: Strikes out looking
|
|
Batting: SHB Rich Chavez
|
0-0: Swinging Strike 0-1: Ball 1-1: Fly out, F9 (Line Drive, 89S, EV 87.5 MPH)
|
|
Batting: RHB Marc Peckermark
|
0-0: Ball 1-0: SINGLE (Line Drive, 8RS, EV 93.8 MPH)
|
|
Batting: LHB Sean Geisler
|
0-0: Ball Marc Peckermark steals 2nd base 1-0: Ball 2-0: Ball 3-0: Called Strike 3-1: SINGLE (Groundball, 34S, EV 69.4 MPH) (infield hit) Marc Peckermark to third
|
|
Batting: SHB Vince Ealy
|
0-0: Called Strike 0-1: Swinging Strike 0-2: Strikes out swinging
|
| Top of the 1st over - 0 runs, 2 hits, 0 errors, 2 left on base; Texas 0 - Chicago 0 |
| BOTTOM OF THE 1ST |
|
Chicago White Sox batting - Pitching for Texas Rangers : LHP Mike Tracy
|
|
Pitching: LHP Mike Tracy
|
|
|
Batting: SHB Alfie Bungledorf
|
0-0: Called Strike 0-1: Ball 1-1: SINGLE (Line Drive, 4MD, EV 97.5 MPH)
|
|
Batting: RHB Dieter Knoops
|
0-0: Called Strike 0-1: Swinging Strike 0-2: Strikes out swinging
|
|
Batting: RHB Joseph Disepolo
|
0-0: Ball 1-0: Ball 2-0: Fly out, F9 (Flyball, 9D, EV 102.5 MPH)
|
|
Batting: LHB Randy Rosenberry
|
0-0: Ball 1-0: Called Strike 1-1: Fly out, F9 (Flyball, 89M, EV 82.5 MPH)
|
| Bottom of the 1st over - 0 runs, 1 hit, 0 errors, 1 left on base; Texas 0 - Chicago 0 |
| TOP OF THE 2ND |
|
Texas Rangers batting - Pitching for Chicago White Sox : RHP Matt McAtee
|
|
Batting: RHB Hiroshige Yamada
|
0-0: Called Strike 0-1: Swinging Strike 0-2: Fly out, F7 (Flyball, 78M, EV 88.1 MPH)
|
|
Batting: RHB Zhao-ji Chi
|
0-0: Ball 1-0: Called Strike 1-1: Called Strike 1-2: Fly out, F4 (Popup, 4S, EV 78.1 MPH)
|
|
Batting: RHB Imbart Faber
|
0-0: Called Strike 0-1: Ball 1-1: Foul Ball, location: 2F 1-2: Foul Ball, location: 2F 1-2: Strikes out looking
|
| Top of the 2nd over - 0 runs, 0 hits, 0 errors, 0 left on base; Texas 0 - Chicago 0 |
| BOTTOM OF THE 2ND |
|
Chicago White Sox batting - Pitching for Texas Rangers : LHP Mike Tracy
|
|
Batting: RHB Dietmar Warmisch
|
0-0: Called Strike 0-1: Swinging Strike 0-2: Ball 1-2: Ball 2-2: Ball 3-2: Base on Balls
|
|
Batting: RHB Leo Navarro
|
0-0: Ball 1-0: Ball 2-0: Called Strike 2-1: SINGLE (Line Drive, 34D, EV 95.6 MPH) Dietmar Warmisch to second
|
|
Batting: RHB Brad Boals
|
0-0: Ball 1-0: Foul Ball, location: 2F 1-1: Grounds into double play, 5-4-3 (Groundball, 56, EV 96.9 MPH) Dietmar Warmisch to third
|
|
Batting: RHB Jon Solano
|
0-0: Called Strike 0-1: Ball 1-1: Ground out 5-3 (Groundball, 5, EV 85.0 MPH)
|
| Bottom of the 2nd over - 0 runs, 1 hit, 0 errors, 1 left on base; Texas 0 - Chicago 0 |
| TOP OF THE 3RD |
|
Texas Rangers batting - Pitching for Chicago White Sox : RHP Matt McAtee
|
|
Batting: RHB Chris Torlak
|
0-0: Fly out, F3 (Line Drive, 3, EV 72.5 MPH)
|
|
Batting: SHB Tony Prado
|
0-0: Ball 1-0: Foul Ball, location: 2F 1-1: Ground out 6-3 (Groundball, 4M, EV 101.9 MPH)
|
|
Batting: SHB Rich Chavez
|
0-0: Ball 1-0: Ball 2-0: Ball 3-0: Called Strike 3-1: Base on Balls
|
|
Batting: RHB Marc Peckermark
|
0-0: Ball 1-0: Foul Ball, location: 2F 1-1: Called Strike 1-2: Strikes out swinging
|
| Top of the 3rd over - 0 runs, 0 hits, 0 errors, 1 left on base; Texas 0 - Chicago 0 |
| BOTTOM OF THE 3RD |
|
Chicago White Sox batting - Pitching for Texas Rangers : LHP Mike Tracy
|
|
Batting: RHB Chris Cooper
|
0-0: Called Strike 0-1: Swinging Strike 0-2: Foul Ball, location: 2F 0-2: Ball 1-2: Ball 2-2: Foul Ball, location: 2F 2-2: Ground out 3-1 (Groundball, 34, EV 103.1 MPH)
|
|
Batting: SHB Alfie Bungledorf
|
0-0: Swinging Strike 0-1: Ball 1-1: SOLO HOME RUN (Flyball, 7D, EV 95.6 MPH), Distance : 367 ft
|
|
Batting: RHB Dieter Knoops
|
0-0: Called Strike 0-1: Called Strike 0-2: Ball 1-2: Ball 2-2: Foul Ball, location: 2F 2-2: Foul Ball, location: 2F 2-2: Ground out 5-3 (Groundball, 56, EV 105.0 MPH)
|
|
Batting: RHB Joseph Disepolo
|
0-0: Called Strike 0-1: Hit by Pitch
|
|
Batting: LHB Randy Rosenberry
|
0-0: Fielders Choice at 2nd, 6-4 (Groundball, 6, EV 84.4 MPH)
|
| Bottom of the 3rd over - 1 run, 1 hit, 0 errors, 1 left on base; Texas 0 - Chicago 1 |
| TOP OF THE 4TH |
|
Texas Rangers batting - Pitching for Chicago White Sox : RHP Matt McAtee
|
|
Batting: LHB Sean Geisler
|
0-0: Ground out 3-1 (Groundball, 34S, EV 87.5 MPH)
|
|
Batting: SHB Vince Ealy
|
0-0: Ball 1-0: Foul Ball, location: 2F 1-1: Foul Ball, location: 2F 1-2: Fly out, F7 (Flyball, 7, EV 81.2 MPH)
|
|
Batting: RHB Hiroshige Yamada
|
0-0: Ball 1-0: Ball 2-0: Foul Ball, location: 2F 2-1: Ball 3-1: Base on Balls
|
|
Batting: RHB Zhao-ji Chi
|
0-0: Ball 1-0: SINGLE (Flyball, 34D, EV 86.2 MPH) Hiroshige Yamada to second Runner from 2nd tries for 3rd, SAFE, throw by RF made to third
|
|
Now in RF: Kikuo Sato
|
|
|
Batting: RHB Imbart Faber
|
0-0: Ball 1-0: Ball 2-0: Ball 3-0: Called Strike 3-1: Foul Ball, location: 2F 3-2: DOUBLE (Line Drive, 89XD, EV 110.0 MPH) Hiroshige Yamada scores Zhao-ji Chi to third Zhao-ji Chi scores
|
|
Batting: RHB Chris Torlak
|
0-0: Ball 1-0: Fly out, F7 (Flyball, 7D, EV 108.1 MPH)
|
| Top of the 4th over - 2 runs, 2 hits, 0 errors, 1 left on base; Texas 2 - Chicago 1 |
| BOTTOM OF THE 4TH |
|
Chicago White Sox batting - Pitching for Texas Rangers : LHP Mike Tracy
|
|
Batting: RHB Dietmar Warmisch
|
0-0: Ball 1-0: Ball 2-0: Ball 3-0: Foul Ball, location: 2F 3-1: Foul Ball, location: 2F 3-2: Foul Ball, location: 2F 3-2: Foul Ball, location: 2F 3-2: Base on Balls
|
|
Batting: RHB Leo Navarro
|
0-0: DOUBLE (Line Drive, 9LS, EV 92.5 MPH) Dietmar Warmisch to third
|
|
Batting: RHB Kikuo Sato
|
0-0: Called Strike 0-1: SINGLE (Groundball, 56, EV 105.0 MPH) (infield hit) Dietmar Warmisch scores Leo Navarro to third
|
|
Batting: RHB Jon Solano
|
0-0: Called Strike 0-1: SINGLE (Groundball, 4MD, EV 105.0 MPH) Leo Navarro scores Kikuo Sato to second Runner from 2nd tries for 3rd, OUT after rundown.
|
|
Batting: RHB Chris Cooper
|
0-0: Called Strike 0-1: Ball 1-1: Called Strike 1-2: Strikes out swinging
|
|
Batting: SHB Alfie Bungledorf
|
0-0: Foul Ball, location: 2F 0-1: Ball 1-1: Called Strike 1-2: Strikes out swinging
|
| Bottom of the 4th over - 2 runs, 3 hits, 0 errors, 1 left on base; Texas 2 - Chicago 3 |
| TOP OF THE 5TH |
|
Texas Rangers batting - Pitching for Chicago White Sox : RHP Matt McAtee
|
|
Batting: SHB Tony Prado
|
0-0: Ball 1-0: Called Strike 1-1: Ground out 4-3 (Groundball, 4D, EV 85.6 MPH)
|
|
Batting: SHB Rich Chavez
|
0-0: Called Strike 0-1: Foul Ball, location: 2F 0-2: DOUBLE (Line Drive, 78D, EV 110.6 MPH)
|
|
Batting: RHB Marc Peckermark
|
0-0: Ball 1-0: Foul Ball, location: 2F 1-1: Fly out, F6 (Popup, 4M, EV 74.4 MPH)
|
|
Batting: LHB Sean Geisler
|
0-0: Ball 1-0: Ball 2-0: Foul Ball, location: 2F 2-1: Ball 3-1: Base on Balls
|
|
Batting: SHB Vince Ealy
|
0-0: Ball 1-0: Fly out, F7 (Flyball, 7, EV 91.9 MPH)
|
| Top of the 5th over - 0 runs, 1 hit, 0 errors, 2 left on base; Texas 2 - Chicago 3 |
| BOTTOM OF THE 5TH |
|
Chicago White Sox batting - Pitching for Texas Rangers : LHP Mike Tracy
|
|
Batting: RHB Dieter Knoops
|
0-0: Ball 1-0: Ground out 5-3 (Groundball, 5L, EV 90.0 MPH)
|
|
Batting: RHB Joseph Disepolo
|
0-0: Ball 1-0: Foul Ball, location: 2F 1-1: Ball 2-1: Ball 3-1: Base on Balls
|
|
Batting: LHB Randy Rosenberry
|
0-0: Ball 1-0: Called Strike 1-1: Swinging Strike 1-2: Ground out 5-3 (Groundball, 56S, EV 77.5 MPH) Joseph Disepolo to second
|
|
Batting: RHB Dietmar Warmisch
|
0-0: Ground out 4-3 (Groundball, 4M, EV 103.8 MPH)
|
| Bottom of the 5th over - 0 runs, 0 hits, 0 errors, 1 left on base; Texas 2 - Chicago 3 |
| TOP OF THE 6TH |
|
Texas Rangers batting - Pitching for Chicago White Sox : RHP Matt McAtee
|
|
Pitching: RHP Ryan Columbo
|
|
|
Batting: RHB Hiroshige Yamada
|
0-0: Foul Ball, location: 2F 0-1: Ball 1-1: Ball 2-1: Ball 3-1: Fly out, F7 (Flyball, 78S, EV 91.2 MPH)
|
|
Batting: RHB Zhao-ji Chi
|
0-0: Ball 1-0: Swinging Strike 1-1: Ball 2-1: Swinging Strike 2-2: Strikes out swinging
|
|
Batting: RHB Imbart Faber
|
0-0: Swinging Strike 0-1: Swinging Strike 0-2: Foul Ball, location: 2F 0-2: Foul Ball, location: 2F 0-2: Ground out 5-3 (Groundball, 5, EV 82.5 MPH)
|
| Top of the 6th over - 0 runs, 0 hits, 0 errors, 0 left on base; Texas 2 - Chicago 3 |
| BOTTOM OF THE 6TH |
|
Chicago White Sox batting - Pitching for Texas Rangers : LHP Mike Tracy
|
|
Batting: RHB Leo Navarro
|
0-0: Called Strike 0-1: SOLO HOME RUN (Flyball, 78XD, EV 103.8 MPH), Distance : 395 ft
|
|
Batting: RHB Kikuo Sato
|
0-0: Called Strike 0-1: Ground out 4-3 (Groundball, 34, EV 99.4 MPH)
|
|
Batting: RHB Jon Solano
|
0-0: Foul Ball, location: 2F 0-1: Ball 1-1: Called Strike 1-2: Ball 2-2: Ball 3-2: Foul Ball, location: 2F 3-2: Strikes out swinging
|
|
Batting: RHB Chris Cooper
|
0-0: Hit by Pitch
|
|
Batting: SHB Alfie Bungledorf
|
0-0: Called Strike Chris Cooper is caught stealing 2nd base 2-4
|
| Bottom of the 6th over - 1 run, 1 hit, 0 errors, 0 left on base; Texas 2 - Chicago 4 |
| TOP OF THE 7TH |
|
Texas Rangers batting - Pitching for Chicago White Sox : RHP Ryan Columbo
|
|
Pitching: RHP Riso Profanter
|
|
|
Batting: RHB Chris Torlak
|
0-0: Ball 1-0: Called Strike 1-1: Ball 2-1: Foul Ball, location: 2F 2-2: Strikes out swinging
|
|
Batting: SHB Tony Prado
|
0-0: Ball 1-0: Called Strike 1-1: Fly out, F8 (Flyball, 8RM, EV 75.0 MPH)
|
|
Batting: SHB Rich Chavez
|
0-0: Swinging Strike 0-1: Ball 1-1: Foul Ball, location: 2F 1-2: Ball 2-2: Foul Ball, location: 2F 2-2: Foul Ball, location: 2F 2-2: Foul Ball, location: 2F 2-2: Ball 3-2: DOUBLE (Line Drive, 5D, EV 95.6 MPH)
|
|
Batting: RHB Marc Peckermark
|
0-0: Ground out 4-3 (Groundball, 4, EV 105.6 MPH)
|
| Top of the 7th over - 0 runs, 1 hit, 0 errors, 1 left on base; Texas 2 - Chicago 4 |
| BOTTOM OF THE 7TH |
|
Chicago White Sox batting - Pitching for Texas Rangers : LHP Mike Tracy
|
|
Batting: SHB Alfie Bungledorf
|
0-0: Called Strike 0-1: Ball 1-1: Ball 2-1: Called Strike 2-2: Ball 3-2: Ground out 5-3 (Groundball, 56S, EV 80.0 MPH)
|
|
Batting: RHB Dieter Knoops
|
0-0: Called Strike 0-1: Called Strike 0-2: Ball 1-2: Ball 2-2: Foul Ball, location: 2F 2-2: Ball 3-2: Fly out, F8 (Flyball, 8RM, EV 95.6 MPH)
|
|
Pitching: RHP Kyle Curve
|
|
|
Batting: RHB Joseph Disepolo
|
0-0: Called Strike 0-1: Ball 1-1: Fly out, F6 (Popup, 56D, EV 53.8 MPH)
|
| Bottom of the 7th over - 0 runs, 0 hits, 0 errors, 0 left on base; Texas 2 - Chicago 4 |
| TOP OF THE 8TH |
|
Texas Rangers batting - Pitching for Chicago White Sox : RHP Riso Profanter
|
|
Pitching: RHP Jacob Taylor
|
|
|
Now in LF: Marvin McAleer
|
|
|
Batting: LHB Sean Geisler
|
0-0: Ball 1-0: Ground out 3-1 (Groundball, 34, EV 101.9 MPH)
|
|
Batting: SHB Vince Ealy
|
0-0: Foul Ball, location: 2F 0-1: Foul Ball, location: 2F 0-2: Ball 1-2: Ball 2-2: Ball 3-2: Strikes out swinging
|
|
Batting: RHB Hiroshige Yamada
|
0-0: Swinging Strike 0-1: Ball 1-1: Swinging Strike 1-2: Ball 2-2: Ball 3-2: Fly out, F8 (Flyball, 89M, EV 86.2 MPH)
|
| Top of the 8th over - 0 runs, 0 hits, 0 errors, 0 left on base; Texas 2 - Chicago 4 |
| BOTTOM OF THE 8TH |
|
Chicago White Sox batting - Pitching for Texas Rangers : RHP Kyle Curve
|
|
Batting: LHB Randy Rosenberry
|
0-0: Ball 1-0: Ball 2-0: Fly out, F4 (Popup, 4S, EV 68.1 MPH)
|
|
Batting: RHB Dietmar Warmisch
|
0-0: Ball 1-0: Called Strike 1-1: Foul Ball, location: 2F 1-2: Strikes out swinging
|
|
Batting: RHB Leo Navarro
|
0-0: Ball 1-0: Ball 2-0: Ball 3-0: Ground out 6-3 (Groundball, 6M, EV 89.4 MPH)
|
| Bottom of the 8th over - 0 runs, 0 hits, 0 errors, 0 left on base; Texas 2 - Chicago 4 |
| TOP OF THE 9TH |
|
Texas Rangers batting - Pitching for Chicago White Sox : RHP Jacob Taylor
|
|
Pitching: LHP Rhett Beers
|
|
|
Batting: RHB Zhao-ji Chi
|
0-0: Ball 1-0: Called Strike 1-1: Foul Ball, location: 2F 1-2: Ball 2-2: Foul Ball, location: 2F 2-2: Ground out 6-3 (Groundball, 6, EV 85.0 MPH)
|
|
Batting: RHB Imbart Faber
|
0-0: Ball 1-0: Swinging Strike 1-1: Ball 2-1: Ball 3-1: Base on Balls
|
|
Batting: RHB Chris Torlak
|
0-0: Ball 1-0: Ball 2-0: SINGLE (Groundball, 6MD, EV 106.2 MPH) Imbart Faber to second
|
|
Batting: SHB Tony Prado
|
0-0: Called Strike 0-1: Ball 1-1: Ball 2-1: Swinging Strike 2-2: Ball 3-2: Foul Ball, location: 2F 3-2: Strikes out swinging
|
|
Batting: SHB Rich Chavez
|
0-0: Called Strike 0-1: Called Strike 0-2: Ball 1-2: Foul Ball, location: 2F 1-2: Foul Ball, location: 2F 1-2: Ball 2-2: Foul Ball, location: 2F 2-2: Foul Ball, location: 2F 2-2: Fly out, F8 (Flyball, 8RM, EV 90.6 MPH)
|
| Top of the 9th over - 0 runs, 1 hit, 0 errors, 2 left on base; Texas 2 - Chicago 4 |
|